 Dungeon Crawl Stone Soup version 0.30-a0-879-ga8ba668304 (webtiles) character file.

Game seed: 10424165355173576185

47066 Sobieck the Unseen (level 14, -8/77 HPs)
             Began as a Spriggan Earth Elementalist on Mar 13, 2023.
             Was an Elder of Ashenzari.
             Mangled by a torpor snail (28 damage)
             ... on level 5 of the Lair of Beasts.
             The game lasted 01:00:27 (20464 turns).

Sobieck the Unseen (Spriggan Earth Elementalist)   Turns: 20464, Time: 01:00:28

Health: -8/77      AC:  5    Str:  4    XL:     14   Next: 7%
Magic:  32/45      EV: 31    Int: 23    God:    Ashenzari [****..]
Gold:   800        SH:  0    Dex: 18    Spells: 32/47 levels left

rFire   . . .      SeeInvis +    a - staff of earth {!astaff}
rCold   . . .      Faith    .    (shield currently unavailable)
rNeg    . . .      Spirit   .    M - +1 robe of the Eye in the Sky {Will+, Melee, Elem} (curse)
rPois   .          Reflect  .    G - +0 mask of the Dragon {Will+ Slay+3 SInv, Elem, Bglg} (curse)
rElec   .          Rampage  .    P - +1 cloak of the Ruined Prison {Melee, Cun} (curse)
rCorr   .          Clarity  +    (gloves unavailable)
Will    ++++.                    (boots unavailable)
Stlth   ++++++++                 (no amulet)
HPRegen 0.32/turn                Q - ring of the Wild Blue Yonder {MP+9, Self, Elem} (curse)
MPRegen 0.29/turn                E - ring "Share My Fortune-Teller" {Int+6, Cun, Bglg} (curse)

@: slowed, quick
A: very small, no large weapons, unfitting armour, see invisible, speed 3,
clumsy 1, deterioration 1
a: Renounce Religion, Curse Item, Shatter the Chains


You were on level 5 of the Lair of Beasts.
You worshipped Ashenzari.
Ashenzari was greatly pleased with you.
You visited 3 branches of the dungeon, and saw 19 of its levels.
You also visited: Sewer.

You collected 1267 gold pieces.
You spent 467 gold pieces at shops.


Innate Abilities, Weirdness & Mutations

You are very small and have problems with some larger weapons.
You are too small for most types of armour.
You have supernaturally acute eyesight. (SInv)
You cover ground extremely quickly. (Speed+++)
You are clumsy. (Dex -2)
Your body sometimes deteriorates upon taking damage.


   Skills:
 + Level 8.0(10.1) Fighting
 - Level 15.1(18.0) Dodging
 - Level 17.2(20.0) Stealth
 + Level 15.2(17.0) Spellcasting
 + Level 0.5(1.7) Conjurations
 - Level 2.0 Transmutations
 + Level 10.1(14.0) Earth Magic


You had 32 spell levels left.
You knew the following spells:

 Your Spells              Type           Power      Damage    Failure   Level
a - Sandblast             Erth           100%       2d20      0%          1
b - Passwall              Tmut/Erth      59%        N/A       1%          2
c - Stone Arrow           Conj/Erth      100%       3d13      1%          3
d - Petrify               Tmut/Erth      71%        N/A       1%          4
e - Lee's Rapid Deconstr  Erth           45%        3d22*     1%          5

Your spell library contained the following spells:

 Spells                   Type           Power      Damage    Failure   Level
 Lesser Beckoning         Tloc           42%        N/A       3%          2
 Hailstorm                Conj/Ice       24%        3d7       4%          3
 Borgnjor's Vile Clutch   Necr/Erth      33%        N/A       4%          5
 Gell's Gravitas          Tloc           21%        N/A       7%          3
 Kindle Blastsparks       Fire/Tloc/Air  42%        2d13      7%          3
 Teleport Other           Tloc           21%        N/A       7%          3
 Ice Form                 Ice/Tmut       25%        N/A       16%         4
 Fulminant Prism          Conj/Hex       12%        3d8       17%         4
 Iskenderun's Mystic Bla  Conj/Tloc      24%        2d7       17%         4
 Animate Dead             Necr           19%        N/A       26%         4
 Yara's Violent Unravell  Hex/Tmut       12%        3d7       43%         5
 Simulacrum               Ice/Necr       10%        N/A       98%         6
 Death Channel            Necr           9%         N/A       99%         6
 Enfeeble                 Hex            10%        N/A       100%        7

Inventory:

Hand Weapons
 b - a +0 dagger of chaos {short}
   (You took it off a goblin on level 1 of the Dungeon)
Missiles
 A - 17 boomerangs {throwing}
 C - 7 atropa-tipped darts {throwing}
 D - 2 throwing nets {=f!fthrowing}
 S - 10 curare-tipped darts {=fthrowing}
Armour
 e - a scarf of resistance
   (You found it on level 11 of the Dungeon)
 o - a +2 cloak
   (You found it on level 2 of the Lair of Beasts)
 z - a +1 robe of willpower
   (You took it off Nergalle on level 2 of the Lair of Beasts)
 G - the cursed +0 mask of the Dragon (worn) {Will+ Slay+3 SInv, Elem, Bglg}
   (You bought it in a shop on level 8 of the Dungeon)

   Slay:      It affects your accuracy & damage with ranged weapons and melee
   (+3).
   SInv:      It lets you see invisible.
   Will:      It increases your willpower.
   It has a curse which improves the following skills: Elements: Fire Magic, Ice
   Magic, Air Magic and Earth Magic.
   Beguiling: Conjurations, Hexes and Translocations.
 L - a +0 troll leather armour
   (You found it on level 9 of the Dungeon)
 M - the cursed +1 robe of the Eye in the Sky (worn) {Will+, Melee, Elem}
   (You took it off an orc wizard on level 5 of the Dungeon)

   It has a curse which improves the following skills: Melee Combat: Short
   Blades, Long Blades, Axes, Maces & Flails, Polearms, Staves and Unarmed
   Combat.
   Elements:  Fire Magic, Ice Magic, Air Magic and Earth Magic.
 P - the cursed +1 cloak of the Ruined Prison (worn) {Melee, Cun}
   (You found it on level 5 of the Dungeon)

   It has a curse which improves the following skills: Melee Combat: Short
   Blades, Long Blades, Axes, Maces & Flails, Polearms, Staves and Unarmed
   Combat.
   Cunning:   Dodging and Stealth.
Magical Staves
 a - a staff of earth (weapon) {!astaff}
   (You found it on level 1 of the Dungeon)
 u - a staff of cold {!astaff}
   (You found it in a sewer)
Jewellery
 k - a ring of poison resistance
   (You took it off a goblin on level 1 of the Dungeon)
 s - a ring of positive energy
   (You found it on level 3 of the Dungeon)
 v - a ring of wizardry
   (You found it on level 3 of the Dungeon)
 E - the cursed ring "Share My Fortune-Teller" (right hand) {Int+6, Cun, Bglg}
   (You found it on level 4 of the Dungeon)

   [ring of intelligence]

   Int:       It affects your intelligence (+6).
   It has a curse which improves the following skills: Cunning: Dodging and
   Stealth.
   Beguiling: Conjurations, Hexes and Translocations.
 J - a +6 ring of strength
   (You found it on level 4 of the Dungeon)
 Q - the cursed ring of the Wild Blue Yonder (left hand) {MP+9, Self, Elem}
   (You found it on level 6 of the Dungeon)

   [ring of magical power]

   MP:        It affects your magic capacity (+9).
   It has a curse which improves the following skills: Introspection: Fighting
   and Spellcasting.
   Elements:  Fire Magic, Ice Magic, Air Magic and Earth Magic.
 U - a ring of willpower
   (You found it on level 6 of the Dungeon)
 W - a ring of ice
   (You found it on level 3 of the Lair of Beasts)
Wands
 c - a wand of paralysis (9)
   (You found it on level 1 of the Lair of Beasts)
 i - a wand of roots (13)
   (You found it on level 12 of the Dungeon)
 N - a wand of polymorph (12)
   (You found it on level 9 of the Dungeon)
 T - a wand of mindburst (17)
   (You found it on level 2 of the Lair of Beasts)
 Y - a wand of light (5)
   (You took it off Dowan on level 7 of the Dungeon)
Scrolls
 h - 3 scrolls of immolation {!r!r}
 m - 3 scrolls of noise {!r}
 n - a scroll of summoning
 q - 5 scrolls of fear
 r - 2 scrolls of torment {!r}
 w - 3 scrolls of fog
 x - 6 scrolls of magic mapping {!r}
 y - 6 scrolls of teleportation {@r4}
 H - a scroll of silence {!r}
 I - a scroll of vulnerability {!r!r}
 K - a scroll of brand weapon
 O - a scroll of blinking {!r}
 V - 4 scrolls of enchant weapon
 X - 3 scrolls of poison {!r}
Potions
 d - 5 potions of curing {@q1}
 f - 2 potions of attraction {!q}
 g - 2 potions of might
 j - 2 potions of magic
 l - 3 potions of mutation {!q}
 p - 5 potions of heal wounds {@q2}
 t - 5 potions of haste {@q3}
 B - a potion of cancellation
 F - 4 potions of lignification {!q}
 R - a potion of resistance
 Z - a potion of flight

Dungeon Overview and Level Annotations

Branches:
Dungeon (13/15) Zot: 26887  Temple (1/1) D:4 Zot: 5957    Lair (5/5) D:10 Zot: 24548
  Swamp (0/4) Lair:3       Spider (0/4) Lair:2        Slime (0/5) Lair:5
    Orc (0/2) D:9           Sewer (visited)
 Vaults: D:13-14

Altars:
Ashenzari
Cheibriados
Dithmenos
Elyvilon
Fedhas
Gozag
Hepliaklqana
Kikubaaqudgha
Makhleb
Nemelex Xobeh
Okawaru
Qazlal
Ru
Sif Muna
Trog
Uskayaw
Vehumet
Wu Jian
Xom
Yredelemnul
Zin
The Shining One

Shops:
D:4 (   D:6 (   D:8 [

Portals:
Trove: D:11 (give +3 storm dragon scales)

Annotations:
D:7 Joseph
Lair:1 1 runed translucent door, Sotat's ghost, journeyman KoEn

.#....#### ....#....###
#### ..###.#...P# ###
###..P#
...###.....###.####...#P.#
...†....................P#
..#######.##.##.........P#
..#,{, #.#†...###..#.#.P#
..#, + {#.(##.#.......#.P#
..#,*∆*,#.####..@#.####.#
..#, * #..###.##w#.#.#.#
..#,, , #...####.##..##.##
..###+###(###...S....#...#
........?.#..#...S####...##
..#.###.##.##.#..####.#...#
#..#.##...#..#.#.........##
..####..#####.#.##S###...##
..#, #.#. , #..#..........#


You could see a torpor snail (berserk).


Message History

A water moccasin comes into view.
Danger!
The blast of sand hits the water moccasin!!
The water moccasin hisses angrily.
The water moccasin completely misses you.
The blast of sand hits the water moccasin!!
You kill the water moccasin!
A water moccasin comes into view.
Danger!
The blast of sand hits the water moccasin!
The water moccasin closely misses you.
The blast of sand hits the water moccasin!!
You kill the water moccasin!
A cane toad comes into view.
Danger!
The blast of sand hits the cane toad!!
The cane toad gives a loud, deep croak!
The blast of sand hits the cane toad!
The cane toad stings you!
You are poisoned.
The cane toad poisons you!
The blast of sand hits the cane toad!!
You kill the cane toad!
You feel very sick.
You feel very sick.
You feel sick.
You feel sick.
You feel sick.
You feel sick.
You feel sick.
You feel sick.
You feel sick.
You feel sick.
You are no longer poisoned.
Things that are here:
a scroll of identify {@r1}; a cane toad corpse
h - 3 scrolls of immolation {!r!r} (gained 1)
You now have 777 gold pieces (gained 20).
You now have 800 gold pieces (gained 23).
You open the door. 2 black mambas come into view.
Danger!
There is an open door here.
You can't see any susceptible monsters within range! (Use Z to cast anyway.)
You can't see any susceptible monsters within range! (Use Z to cast anyway.) Unknown command.
Unknown command.
Being near the torpor snail leaves you feeling lethargic.
The black mamba hisses angrily.
The black mamba hisses angrily.
You hit the torpor snail but do no damage.
You drain the torpor snail.
The black mamba bites the plant!!
The plant begins to die.
The black mamba bites the plant!
The torpor snail barely misses you.
The black mamba bites the plant.
Unknown command.
You hit the torpor snail.
The black mamba bites the plant!
The black mamba bites the plant.
The torpor snail completely misses you.
The black mamba bites the plant!!
You hit the torpor snail but do no damage.
The torpor snail goes berserk!
The black mamba bites the plant.
The plant looks as sick as possible!
The black mamba poisons the plant!
The torpor snail misses you.
The black mamba bites the plant!
The torpor snail completely misses you.
A nearby plant withers and dies.
There is an open door here.
The torpor snail misses you.
You see here a water moccasin skeleton.
Unknown command.
You feel yourself speed up.
Being near the torpor snail leaves you feeling lethargic.
a - a staff of earth (weapon)
{!astaff} The torpor snail bites you!!
Casting: Sandblast (safe; 0% risk of failure)
Confirm with . or Enter, or press ? or * to list all spells.
Aiming: Lee's Rapid Deconstruction (dangerous; 1% risk of failure)
Press: ? - help, Dir - move target A stone wall.
You feel a surge of power!
The wall shatters!
The blast of rock fragments hits the torpor snail but does no damage.
The torpor snail completely misses you.
Casting: Lee's Rapid Deconstruction (dangerous; 1% risk of failure)
Confirm with . or Enter, or press ? or * to list all spells.
Aiming: Lee's Rapid Deconstruction (dangerous; 1% risk of failure)
Press: ? - help, Dir - move target A stone wall.
You feel a surge of power!
The wall shatters!
You feel a bit more experienced.
The blast of rock fragments hits the torpor snail!!
You feel a bit more experienced.
The torpor snail seems less drained.
The torpor snail bites you!!
* * * LOW HITPOINT WARNING * * *
The torpor snail bites you!
* * * LOW HITPOINT WARNING * * *
Unknown command.
Casting: Lee's Rapid Deconstruction (dangerous; 1% risk of failure)
Confirm with . or Enter, or press ? or * to list all spells.
Aiming: Petrify (dangerous; 1% risk of failure)
Press: ? - help, Shift-Dir - straight line, f - torpor snail
Aim: a torpor snail (moderately wounded, berserk, chance to affect: 29%)
You feel a surge of power!
The torpor snail easily resists.
The torpor snail barely misses you. The torpor snail bites you!!
You die...

Skill      XL: |  1  2  3  4  5  6  7  8  9 10 11 12 13 14 |
---------------+-------------------------------------------+-----
Dodging        | 3 4 5 6 7 9 11 12 14 15 | 15.1
Spellcasting   | 3 4 5 6 8 10 12 13 15 | 15.2
Transmutations | 2 |  2.0
Earth Magic    | 3 4 5 6 7 8 10 | 10.1
Fighting       | 1 2 3 4 5 6 7 8 |  8.0
Stealth        | 4 5 7 8 10 12 14 16 17 | 17.2
Conjurations   | |  0.5

Action                     |  1- 3 |  4- 6 |  7- 9 | 10-12 | 13-15 || total
---------------------------+-------+-------+-------+-------+-------++-------
  Melee: Dagger            |     1 |     3 |       |    15 |    60 ||    79
         Punch             |       |       |       |     1 |     2 ||     3
  Throw: Dart              |       |       |       |     5 |       ||     5
   Cast: Sandblast         |    36 |    99 |   196 |   223 |    95 ||   649
         Passwall          |     1 |     1 |       |       |    10 ||    12
         Stone Arrow       |       |     1 |    13 |    30 |    21 ||    65
         Petrify           |       |       |     1 |     8 |    15 ||    24
         Lee's Rapid Decon |       |       |       |    87 |    52 ||   139
 Invoke: Curse Item        |       |       |     2 |     3 |       ||     5
    Use: Scroll            |       |       |     1 |       |       ||     1
         Potion            |       |       |       |     2 |       ||     2
   Stab: Sleeping          |     1 |     3 |       |       |    14 ||    18
         Petrified         |       |       |       |     5 |     9 ||    14
         Petrifying        |       |       |       |     3 |     3 ||     6
 Armour: Robe              |     1 |     2 |    11 |    18 |    19 ||    51
  Dodge: Dodged            |     7 |    49 |   111 |   263 |   180 ||   610

Levels and vault maps discovered:
D:1:      roderic_chinese_lattice_arrival, layout_rooms
D:2:      layout_loops_ring, shapermc_ecumenical_altar_pompeii,
          serial_bayou_lagoon_b, uniq_natasha, uniq_terence
D:3:      layout_basic, gup_sewer_entry_pipe
D:4:      layout_cave_pools, temple_fountains, serial_shops,
          nicolae_shop_statue_plus, uniq_blork_the_orc
D:5:      layout_rooms, grunt_temple_overflow_growth_and_decay,
          nicolae_overflow_hallway_of_the_gods, minmay_misc_feat_square,
          uniq_sigmund
D:6:      layout_rooms, serial_shops, nicolae_shop_trees
D:7:      lemuel_ratsnest, layout_basic, lightli_orcish_oven, uniq_joseph,
          uniq_duvessa, uniq_maggie
D:8:      layout_basic, serial_shops, shop, minmay_holes
D:9:      layout_basic, mainiacjoe_overflow_large_starburst,
          kennysheep_orc_monster_closet_entryway, minivault_1, minmay_microvault
D:10:     layout_rooms, nicolae_wu_jian_wuxing_cycle, lair_entry_dummy
D:11:     layout_basic, enter_trove_0, dreamdust_wishing_well
D:12:     layout_loops_ring
D:13:     layout_basic, david_vaults_2, serial_ice, serial_ice_i, serial_ice_d,
          serial_ice_n, serial_ice_f, serial_ice_g, serial_ice_b, serial_ice_m,
          serial_ice_h, portal_ice_cave_entry_pillars_2
Temple:   nicolae_temple_bog_church
Lair:1:   layout_cave_shapes, hellmonk_ghost_happy_afterlife,
          grunt_megastairs_3, serial_bayou_shore_b, lemuel_fruit_tree,
          lemuel_fruit_fields
Lair:2:   layout_gridlike, nicolae_spider_entry_non_spiders, uniq_nergalle,
          uniq_erica
Lair:3:   layout_small_grid, nicolae_swamp_entry_spooky, st_stairs_12,
          grunt_megastairs_2
Lair:4:   layout_regular_city, grunt_megastairs_4, serial_bayou_shore_b,
          uniq_kirke
Lair:5:   hangedman_lair_tendril_chambers, layout_loops_ring,
          minmay_slime_entry_pillars, minmay_shattered_shrine

Notes
Turn   | Place    | Note
-------+----------+-------------------------------------------
     0 | D:1      | Sobieck the Spriggan Earth Elementalist began the quest for
                  | the Orb.
     0 | D:1      | Reached XP level 1. HP: 9/9 MP: 5/5
   156 | D:1      | Reached XP level 2. HP: 11/13 MP: 1/6
   215 | D:1      | Reached skill level 3 in Dodging
   292 | D:1      | Reached skill level 3 in Spellcasting
   346 | D:1      | Reached skill level 2 in Transmutations
   468 | D:1      | Reached XP level 3. HP: 17/17 MP: 5/8
   654 | D:1      | Reached skill level 3 in Earth Magic
   787 | D:2      | Learned a level 2 spell: Passwall
   791 | D:2      | Learned a level 3 spell: Stone Arrow
   807 | D:2      | Noticed Natasha
   817 | D:2      | HP: 3/17 [Natasha (6)]
   818 | D:2      | Killed Natasha
   819 | D:2      | Reached skill level 1 in Fighting
   819 | D:2      | Reached XP level 4. HP: 4/22 MP: 5/9
   954 | D:2      | Noticed Terence
   955 | D:2      | Noticed Natasha
   968 | D:2      | Killed Natasha
   969 | D:2      | Reached skill level 4 in Stealth
  1000 | D:2      | Killed Terence
  1074 | D:2      | Found a faded altar of an unknown god.
  1149 | D:2      | Noticed Natasha
  1161 | D:2      | Killed Natasha
  1162 | D:2      | Reached XP level 5. HP: 25/25 MP: 4/11
  1375 | D:2      | Reached skill level 4 in Dodging
  1954 | D:3      | Found a glowing drain.
  2013 | Sewer    | Entered a sewer
  2099 | Sewer    | Noticed Pargi
  2137 | Sewer    | Killed Pargi
  2138 | Sewer    | Reached skill level 5 in Stealth
  2138 | Sewer    | Reached skill level 4 in Spellcasting
  2138 | Sewer    | Reached XP level 6. HP: 30/30 MP: 5/13
  2497 | D:3      | Learned a level 4 spell: Petrify
  2663 | D:3      | Reached skill level 2 in Fighting
  3346 | D:4      | Found the +1 Delatra's gloves {ID++}
  3369 | D:4      | Found a staircase to the Ecumenical Temple.
  3383 | Temple   | Entered the Ecumenical Temple
  3434 | Temple   | Became a worshipper of Ashenzari the Shackled
  3502 | D:4      | Reached skill level 5 in Dodging
  3502 | D:4      | Reached skill level 4 in Earth Magic
  3511 | D:4      | Reached XP level 7. HP: 35/35 MP: 8/15
  3581 | D:4      | Reached skill level 6 in Stealth
  3629 | D:4      | Noticed Blork the orc
  3653 | D:4      | Killed Blork the orc
  3654 | D:4      | Reached skill level 5 in Spellcasting
  3785 | D:4      | Reached skill level 3 in Fighting
  3940 | D:4      | Found Loti's Weapon Emporium.
  4342 | D:5      | Entered Level 5 of the Dungeon
  4402 | D:5      | Reached skill level 6 in Dodging
  4506 | D:5      | Noticed Sigmund
  4521 | D:5      | Reached skill level 7 in Stealth
  4521 | D:5      | Reached XP level 8. HP: 40/40 MP: 14/17
  4658 | D:5      | Found an ancient bone altar of Kikubaaqudgha.
  4659 | D:5      | Found a blossoming altar of Fedhas.
  4728 | D:5      | Found a bloodstained altar of Trog.
  4734 | D:5      | Found a radiant altar of Vehumet.
  4742 | D:5      | Found a stormy altar of Qazlal.
  4742 | D:5      | Found a glowing golden altar of the Shining One.
  4748 | D:5      | Found a sparkling altar of Nemelex Xobeh.
  4896 | D:5      | Reached skill level 6 in Spellcasting
  4928 | D:5      | Killed Sigmund
  4929 | D:5      | Reached skill level 5 in Earth Magic
  5175 | D:6      | Reached skill level 7 in Dodging
  5175 | D:6      | Reached skill level 8 in Stealth
  5290 | D:6      | Reached skill level 4 in Fighting
  5312 | D:6      | Found Raplaps's Antique Weapon Shoppe.
  5409 | D:6      | Reached XP level 9. HP: 45/45 MP: 20/20
  5772 | D:7      | Noticed Duvessa
  5772 | D:7      | Noticed Dowan
  5783 | D:7      | Reached skill level 7 in Spellcasting
  5784 | D:7      | Killed Duvessa
  5785 | D:7      | Reached skill level 9 in Stealth
  5790 | D:6      | Reached * piety under Ashenzari
  5854 | D:7      | HP: 8/46 [Dowan/bolt of light (15)]
  5855 | D:7      | Killed Dowan
  6037 | D:7      | Noticed Joseph
  6040 | D:7      | Noticed Maggie
  6044 | D:8      | Noticed a kobold demonologist
  6163 | D:8      | Noticed an orange demon
  6163 | D:8      | Noticed a kobold demonologist
  6166 | D:8      | Noticed a hellwing
  6169 | D:8      | Noticed an ice devil
  6206 | D:8      | Noticed a sixfirhy
  6208 | D:8      | Killed a kobold demonologist
  6208 | D:8      | HP: 8/46 [sixfirhy[a kobold demonologist] (10)]
  6209 | D:8      | Reached skill level 8 in Dodging
  6454 | D:8      | Noticed a red devil
  6455 | D:8      | Killed a kobold demonologist
  6456 | D:8      | Reached skill level 6 in Earth Magic
  6857 | D:7      | Killed Maggie
  6858 | D:7      | Reached skill level 5 in Fighting
  6858 | D:7      | Reached skill level 10 in Stealth
  6939 | D:7      | Reached skill level 8 in Spellcasting
  7365 | D:7      | HP: 8/47 [steam dragon/ball of steam (15)]
  7366 | D:7      | HP: 2/47 [something (6)]
  7367 | D:7      | Reached skill level 9 in Dodging
  7367 | D:7      | Reached XP level 10. HP: 3/51 MP: 4/23
  7606 | D:7      | You pick up a book of Blasting and begin reading...
  7606 | D:7      | You add the spells Kindle Blastsparks, Fulminant Prism,
                  | Iskenderun's Mystic Blast and Lee's Rapid Deconstruction to
                  | your library.
  7613 | D:7      | Learned a level 5 spell: Lee's Rapid Deconstruction
  8196 | D:8      | Reached ** piety under Ashenzari
  8267 | D:8      | Found Daaqoeso's Armour Boutique.
  8334 | D:8      | You pick up a book of Unlife and begin reading...
  8334 | D:8      | You add the spells Animate Dead, Borgnjor's Vile Clutch and
                  | Death Channel to your library.
  8397 | D:8      | Bought the +0 mask of the Dragon {Will+ Slay+3 SInv} for
                  | 467 gold pieces
  8397 | D:8      | Found the +0 mask of the Dragon {Will+ Slay+3 SInv}
  8911 | D:9      | Noticed a rakshasa
  8921 | D:9      | Killed a rakshasa
  8922 | D:9      | Reached skill level 11 in Stealth
  9012 | D:9      | Found a staircase to the Orcish Mines.
  9033 | D:9      | HP: 10/53 [poisoned by a gnoll sergeant]
  9207 | D:9      | Reached skill level 9 in Spellcasting
  9341 | D:9      | Reached skill level 6 in Fighting
  9588 | D:9      | Reached skill level 10 in Spellcasting
  9660 | D:9      | Reached skill level 7 in Earth Magic
  9847 | D:9      | Found a hide-covered altar of Uskayaw.
  9859 | D:9      | Found a burning altar of Makhleb.
  9916 | D:9      | Noticed a two-headed ogre
  9920 | D:9      | Killed a two-headed ogre
 10311 | D:10     | Entered Level 10 of the Dungeon
 10415 | D:10     | Reached skill level 12 in Stealth
 10415 | D:10     | Reached XP level 11. HP: 56/56 MP: 26/26
 10425 | D:10     | Reached skill level 10 in Dodging
 10559 | D:10     | Found an ornate altar of the Wu Jian Council.
 10807 | D:10     | You pick up a book of Displacement and begin reading...
 10807 | D:10     | You add the spells Lesser Beckoning, Gell's Gravitas and
                  | Teleport Other to your library.
 10860 | D:10     | Gained mutation: You are clumsy. (Dex -2) [a neqoxec]
 10861 | D:10     | Gained mutation: Your body sometimes deteriorates upon
                  | taking damage. [a neqoxec]
 10996 | D:10     | Found a staircase to the Lair.
 11012 | D:11     | Reached skill level 11 in Spellcasting
 11348 | D:11     | Reached skill level 13 in Stealth
 11440 | D:11     | Found a portal to a secret trove of treasure.
 11444 | D:11     | This trove needs +3 storm dragon scales to function. Give
                  | it the item?
 11518 | D:11     | Reached skill level 8 in Earth Magic
 11626 | D:11     | Reached skill level 11 in Dodging
 12161 | D:11     | Identified the +6 scale mail of the Inquisitive Olives
                  | {Regen+}
 12298 | D:12     | Noticed a two-headed ogre
 12302 | D:12     | Killed a two-headed ogre
 12507 | D:12     | Reached skill level 14 in Stealth
 12507 | D:12     | Reached *** piety under Ashenzari
 12575 | D:12     | Identified the +0 leather armour "Logilimn" {rF+ rN+ Will-
                  | Int+2}
 12593 | D:12     | Reached skill level 12 in Spellcasting
 12693 | D:12     | Noticed a boulder beetle
 12709 | D:12     | Killed a boulder beetle
 12710 | D:12     | Reached XP level 12. HP: 61/61 MP: 13/29
 13028 | D:12     | Reached skill level 12 in Dodging
 13513 | D:13     | Noticed a centaur warrior
 13631 | Lair:1   | Entered Level 1 of the Lair of Beasts
 13678 | Lair:1   | Noticed a death yak
 13691 | Lair:1   | Killed a death yak
 14104 | Lair:1   | Found a runed translucent door.
 14110 | Lair:1   | Reached skill level 15 in Stealth
 14252 | Lair:1   | Noticed Sotat's ghost (journeyman KoEn)
 14562 | Lair:1   | HP: 15/62 [wolf (6)]
 14739 | Lair:1   | Reached skill level 7 in Fighting
 14818 | Lair:2   | Noticed a five-headed hydra
 14828 | Lair:2   | Noticed a catoblepas
 14830 | Lair:2   | Killed a five-headed hydra
 14831 | Lair:2   | Reached skill level 13 in Spellcasting
 14885 | Lair:2   | Noticed Nergalle
 14899 | Lair:2   | Killed Nergalle
 15092 | Lair:2   | Killed a catoblepas
 15302 | Lair:2   | Reached skill level 16 in Stealth
 15573 | Lair:2   | Reached **** piety under Ashenzari
 15603 | Lair:2   | Noticed Erica
 15614 | Lair:2   | HP: 10/67 [Erica/+3 scimitar of flaming (11)]
 15616 | Lair:2   | Killed Erica
 15842 | Lair:2   | Reached XP level 13. HP: 72/72 MP: 31/33
 15963 | Lair:1   | Reached skill level 8 in Fighting
 16059 | Lair:2   | Found a hole to the Spider Nest.
 16082 | Lair:2   | Reached skill level 17 in Stealth
 17036 | Lair:3   | Reached skill level 13 in Dodging
 17235 | Lair:3   | Reached skill level 9 in Earth Magic
 17371 | Lair:3   | Reached skill level 14 in Spellcasting
 18055 | Lair:3   | You pick up a book of Misfortune and begin reading...
 18055 | Lair:3   | You add the spells Yara's Violent Unravelling and Enfeeble
                  | to your library.
 18653 | Lair:3   | Reached skill level 14 in Dodging
 18705 | Lair:3   | Found a staircase to the Swamp.
 18912 | Lair:4   | You pick up a book of the Tundra and begin reading...
 18912 | Lair:4   | You add the spells Hailstorm, Ice Form and Simulacrum to
                  | your library.
 19285 | Lair:4   | Identified the +2 short sword of the Old World {flame,
                  | rPois MP+9 Str-3}
 19382 | Lair:4   | Identified the +8 bardiche of Wuinn {flame, Dex+3}
 19410 | Lair:4   | Reached skill level 10 in Earth Magic
 19412 | Lair:4   | Reached skill level 15 in Spellcasting
 19644 | Lair:4   | Noticed Kirke
 19654 | Lair:4   | Killed Kirke
 19942 | Lair:5   | Entered Level 5 of the Lair of Beasts
 19942 | Lair:5   | Found a staircase to the Slime Pits.
 20169 | Lair:5   | Reached XP level 14. HP: 77/77 MP: 36/36
 20190 | Lair:5   | Reached skill level 15 in Dodging
 20463 | Lair:5   | HP: 19/77 [torpor snail (9)]
 20464 | Lair:5   | Mangled by a torpor snail

Vanquished Creatures
  Kirke (Lair:4)
  3 hydras
  3 catoblepae
  A rakshasa (D:9)
  A ghost crab (Lair:3)
  Erica (Lair:2)
  A boulder beetle (D:12)
  A death yak (Lair:1)
  2 two-headed ogres
  Nergalle (Lair:2)
  A spectral death yak (Lair:3)
  2 skysharks
  2 spectral hydras (Lair:3)
  A manticore (D:12)
  2 ugly things (D:12)
  A cyclops (D:11)
  5 black mambas
  12 cane toads
  2 torpor snails
  A gargoyle (D:11)
  5 kobold demonologists
  Maggie (D:7)
  2 unseen horrors
  2 rime drakes (Lair:1)
  6 komodo dragons
  A spectral skyshark (Lair:3)
  3 trolls
  2 hornets
  7 blink frogs
  5 dream sheep (Lair:3)
  A vampire (D:12)
  A centaur simulacrum (D:13)
  A shadow (D:10)
  48 yaks
  Sigmund (D:5)
  4 wraiths
  5 slime creatures
  2 wyverns (Lair:4)
  2 steam dragons
  12 vampire mosquitoes
  An acid dragon (D:10)
  Duvessa (D:7)
  A spectral cane toad (Lair:3)
  13 water moccasins
  5 orc warriors
  A spectral blink frog (Lair:3)
  Pargi (Sewer)
  3 ice beasts
  5 black bears
  6 ogres
  17 wolves
  5 centaurs
  9 kobold brigands
  Blork the orc (D:4)
  11 bullfrogs
  9 scorpions
  3 gnoll sergeants (D:9)
  5 wights (D:9)
  Dowan (D:7)
  11 killer bees
  A howler monkey (D:5)
  4 hounds
  An orc priest (D:6)
  6 jellies
  A gnoll bouda (D:7)
  A sleepcap (D:5)
  An iguana (D:5)
  Terence (D:2)
  Natasha (thrice) (D:2)
  7 orc wizards
  2 hell rats (D:7)
  A boggart simulacrum (D:13)
  15 gnolls
  10 adders
  7 river rats (D:7)
  5 white imps
  An ufetubus (D:7)
  A worm (D:2)
  A dart slug (D:1)
  28 orcs
  4 ball pythons
  13 bats
  11 endoplasms
  10 giant cockroaches
  6 goblins
  7 hobgoblins
  9 jackals
  11 quokkas
  6 frilled lizards
  29 kobolds
  19 rats
486 creatures vanquished.

Vanquished Creatures (others)
  24 fungi
  24 plants
48 creatures vanquished.

Grand Total: 534 creatures vanquished

Table legend:
 A = Non-vault XP
 B = Vault XP
 C = Vault XP percentage of total XP
 D = Non-vault monster count
 E = Vault monster count
 F = Vault count percentage of total count
                 A         B        C        D         E       F
            +---------+---------+-------+---------+---------+-------
      Total |   49972 |   17266 |  25.7 |     367 |     119 |  24.5
            +---------+---------+-------+---------+---------+-------
        D:1 |      51 |       0 |   0.0 |      30 |       0 |   0.0
        D:2 |     130 |      71 |  35.3 |      17 |       2 |  10.5
        D:3 |     116 |      10 |   7.9 |      19 |       5 |  20.8
        D:4 |     689 |      96 |  12.2 |      29 |       1 |   3.3
        D:5 |     607 |     214 |  26.1 |      20 |       1 |   4.8
        D:6 |    1035 |       0 |   0.0 |      22 |       0 |   0.0
        D:7 |     584 |    1102 |  65.4 |      15 |      38 |  71.7
        D:8 |    1294 |       0 |   0.0 |       7 |       0 |   0.0
        D:9 |    2067 |    2388 |  53.6 |      20 |      21 |  51.2
       D:10 |    2962 |       0 |   0.0 |      26 |       0 |   0.0
       D:11 |    5154 |       0 |   0.0 |      31 |       0 |   0.0
       D:12 |    5313 |       0 |   0.0 |      13 |       0 |   0.0
       D:13 |     685 |     448 |  39.5 |       4 |       4 |  50.0
     Lair:1 |    5212 |     173 |   3.2 |      18 |       2 |  10.0
     Lair:2 |   10849 |    2036 |  15.8 |      46 |      10 |  17.9
     Lair:3 |    6280 |    5743 |  47.8 |      23 |      12 |  34.3
     Lair:4 |    6296 |    1725 |  21.5 |      24 |       3 |  11.1
     Lair:5 |     648 |    3119 |  82.8 |       3 |      11 |  78.6
      Sewer |       0 |     141 | 100.0 |       0 |       9 | 100.0
            +---------+---------+-------+---------+---------+-------

Illustrated notes

Table legend:
 A = Kills in this place as a percentage of kills in the entire game.
 B = Kills by you in this place as a percentage of kills by you in the entire game.
 C = Kills by friends in this place as a percentage of kills by friends in the entire game.
 D = Other kills in this place as a percentage of other kills in the entire game.
 E = Experience gained in this place as a percentage of experience gained in the entire game.
 F = Experience gained in this place divided by the number of levels of this place that you have seen.
                   A       B       C       D       E      F
               +-------+-------+-------+-------+-------+----------------------
         Total | 100.0 | 100.0 |   N/A |   N/A | 100.0 | 3361.9
       Dungeon |  66.9 |  66.9 |   N/A |   N/A |  37.2 | 1924.3
          Lair |  31.3 |  31.3 |   N/A |   N/A |  62.6 | 8416.2
         Sewer |   1.9 |   1.9 |   N/A |   N/A |   0.2 | 141.0
               +-------+-------+-------+-------+-------+----------------------

Table legend: (Time is in decaauts)
 A = Elapsed time spent in this place.
 B = Non-inter-level travel time spent in this place.
 C = Inter-level travel time spent in this place.
 D = Time resting spent in this place.
 E = Time spent auto-exploring this place.
 F = Levels seen in this place.
 G = Mean time per level.
                   A        B        C        D        E       F      G
               +--------+--------+--------+--------+--------+-----+--------+
         Total |  16130 |  15739 |    391 |   3546 |   9139 |  20 |  806.5 |
       Dungeon |  10487 |  10204 |    283 |   1976 |   6384 |  13 |  806.7 |
        Temple |     43 |     33 |     10 |      0 |     18 |   1 |   43.0 |
          Lair |   5449 |   5352 |     97 |   1507 |   2736 |   5 | 1089.8 |
         Sewer |    149 |    149 |      0 |     62 |      0 |   1 |  149.0 |
               +--------+--------+--------+--------+--------+-----+--------+

Top non-repeatable levels by time:
  Lair:3: 1492 daAuts
  Lair:1: 1427 daAuts
     D:7: 1412 daAuts
     D:9: 1375 daAuts
  Lair:2: 1292 daAuts
    D:11: 1013 daAuts
    D:12: 928 daAuts
     D:3: 903 daAuts
  Lair:4: 891 daAuts
     D:2: 852 daAuts
     D:4: 758 daAuts
     D:8: 757 daAuts
     D:1: 691 daAuts
    D:10: 645 daAuts
     D:6: 566 daAuts
